General information
			
			
        
        - name: BNet
 
        - type: Ladder team game (AT/RT)
 
        - host: Battle.net
 
        - saver: Rezifut
 
        
map: FullScaleAssault 
        - players: 8
 
        - length: 33:57
 
        - speed: Fast
 - version: 1.22 W3XP
 - replay type:  Public
 
» download(302 KB)
Players
        team 1 (winner) 
              
              
coolhentaiguy (
purple | 84 APM | 2839 actions | 33:56)
              
 4 Archmage 
 2 Blizzard
 2 Brilliance Aura
 3 Paladin 
 2 Holy Light
 1 Divine Shield
 
                » actions 
                
                | Assign group hotkey | 24 |  | 
| Basic commands | 32 |  | 
| Build / train | 87 |  | 
| ESC pressed | 2 |  | 
| Enter build submenu | 85 |  | 
| Enter hero's abilities submenu | 7 |  | 
| Right click | 1590 |  | 
| Select / deselect | 531 |  | 
| Select group hotkey | 130 |  | 
| Use ability | 348 |  | 
                2839 total
 » units 
                
                | Peasant | 11 |  | 
| Dragonhawk Rider | 9 |  | 
| Goblin Zeppelin | 2 |  | 
                22 total
 » upgrades
                
                | Masonry | 3 |  | 
| Magic Sentry | 1 |  | 
| Cloud | 1 |  | 
                5 total
 » buildings
                
                | Altar of Kings | 1 |  | 
| Lumber Mill | 1 |  | 
| Farm | 10 |  | 
| Scout Tower | 209 |  | 
| Arcane Tower | 3 |  | 
| Guard Tower | 46 |  | 
| Keep | 1 |  | 
| Arcane Vault | 1 |  | 
| Castle | 1 |  | 
| Gryphon Aviary | 2 |  | 
| Arcane Sanctum | 1 |  | 
| Town Hall | 1 |  | 
                277 total
 » build order
                00:09 Altar of Kings
00:16 Lumber Mill
00:32 Farm
01:35 Scout Tower
01:44 Farm
01:57 Scout Tower
02:02 Scout Tower
02:05 Arcane Tower
02:29 Guard Tower
02:32 Scout Tower
02:37 Scout Tower
02:40 Scout Tower
02:50 Keep
02:55 Scout Tower
02:57 Scout Tower
03:42 Guard Tower
03:43 Guard Tower
03:45 Scout Tower
03:48 Scout Tower
04:01 Farm
04:09 Guard Tower
04:36 Arcane Vault
04:37 Guard Tower
04:40 Scout Tower
04:41 Guard Tower
05:13 Scout Tower
05:14 Guard Tower
05:21 Scout Tower
05:44 Guard Tower
05:49 Scout Tower
05:51 Scout Tower
05:53 Scout Tower
05:55 Scout Tower
05:57 Scout Tower
06:03 Castle
06:11 Farm
06:12 Farm
06:13 Farm
06:14 Farm
06:24 Gryphon Aviary
06:27 Gryphon Aviary
06:30 Scout Tower
06:30 Scout Tower
06:31 Scout Tower
06:35 Scout Tower
06:35 Scout Tower
06:36 Scout Tower
06:36 Scout Tower
07:34 Arcane Tower
07:35 Guard Tower
07:35 Guard Tower
07:36 Guard Tower
07:37 Guard Tower
07:37 Guard Tower
08:31 Scout Tower
08:33 Scout Tower
08:36 Scout Tower
08:40 Guard Tower
08:42 Guard Tower
09:22 Guard Tower
09:28 Arcane Sanctum
09:31 Guard Tower
09:34 Scout Tower
09:35 Scout Tower
09:36 Scout Tower
09:37 Scout Tower
09:42 Scout Tower
09:43 Scout Tower
09:44 Scout Tower
09:53 Scout Tower
09:55 Scout Tower
09:56 Scout Tower
11:12 Guard Tower
11:13 Guard Tower
11:14 Guard Tower
11:32 Guard Tower
11:36 Scout Tower
11:38 Scout Tower
11:40 Scout Tower
11:42 Scout Tower
11:47 Guard Tower
11:51 Scout Tower
11:53 Scout Tower
11:54 Scout Tower
13:07 Guard Tower
13:13 Scout Tower
13:14 Scout Tower
13:15 Scout Tower
13:15 Scout Tower
14:45 Guard Tower
14:49 Scout Tower
14:51 Scout Tower
14:52 Scout Tower
14:53 Scout Tower
14:54 Scout Tower
14:56 Scout Tower
15:58 Scout Tower
16:00 Scout Tower
16:02 Scout Tower
16:05 Scout Tower
16:06 Scout Tower
16:07 Scout Tower
16:08 Scout Tower
16:10 Scout Tower
16:11 Scout Tower
16:16 Scout Tower
16:17 Scout Tower
16:18 Scout Tower
16:22 Guard Tower
16:31 Scout Tower
16:33 Scout Tower
16:36 Scout Tower
16:41 Guard Tower
17:01 Guard Tower
17:05 Scout Tower
17:07 Scout Tower
17:08 Scout Tower
17:20 Scout Tower
17:21 Scout Tower
17:22 Scout Tower
17:24 Scout Tower
17:24 Scout Tower
17:25 Scout Tower
17:26 Scout Tower
17:26 Scout Tower
17:30 Scout Tower
17:31 Scout Tower
17:32 Scout Tower
17:33 Scout Tower
17:33 Scout Tower
17:34 Scout Tower
17:38 Scout Tower
17:40 Scout Tower
17:40 Scout Tower
17:42 Scout Tower
17:43 Scout Tower
17:47 Guard Tower
17:49 Scout Tower
17:49 Scout Tower
17:50 Scout Tower
17:52 Scout Tower
17:52 Scout Tower
17:53 Scout Tower
18:00 Town Hall
18:02 Scout Tower
18:03 Scout Tower
18:03 Scout Tower
18:33 Guard Tower
19:18 Guard Tower
19:23 Guard Tower
19:26 Guard Tower
19:52 Guard Tower
19:58 Scout Tower
19:58 Scout Tower
20:00 Scout Tower
20:01 Scout Tower
20:23 Arcane Tower
20:24 Guard Tower
21:01 Guard Tower
21:04 Guard Tower
22:13 Scout Tower
22:14 Scout Tower
22:15 Scout Tower
22:15 Scout Tower
22:16 Scout Tower
22:17 Scout Tower
22:19 Scout Tower
22:19 Scout Tower
22:21 Scout Tower
22:21 Scout Tower
22:22 Scout Tower
22:22 Scout Tower
22:23 Scout Tower
22:24 Scout Tower
22:24 Scout Tower
22:25 Scout Tower
22:25 Scout Tower
22:25 Scout Tower
22:26 Scout Tower
22:26 Scout Tower
22:27 Scout Tower
22:27 Scout Tower
22:50 Guard Tower
24:50 Guard Tower
25:32 Scout Tower
25:32 Scout Tower
25:33 Scout Tower
25:34 Scout Tower
25:36 Scout Tower
25:38 Scout Tower
25:39 Scout Tower
25:42 Scout Tower
25:44 Scout Tower
25:47 Scout Tower
25:48 Scout Tower
25:50 Scout Tower
25:51 Scout Tower
25:52 Scout Tower
25:54 Scout Tower
25:55 Scout Tower
25:56 Scout Tower
25:58 Scout Tower
26:00 Scout Tower
26:01 Scout Tower
26:03 Scout Tower
26:04 Scout Tower
26:04 Scout Tower
26:04 Scout Tower
26:04 Scout Tower
26:05 Scout Tower
26:06 Scout Tower
26:06 Scout Tower
26:07 Scout Tower
26:07 Scout Tower
26:08 Scout Tower
26:08 Scout Tower
26:09 Scout Tower
26:09 Scout Tower
26:10 Scout Tower
26:10 Scout Tower
26:11 Scout Tower
26:11 Scout Tower
26:12 Scout Tower
26:13 Scout Tower
26:14 Scout Tower
26:14 Scout Tower
26:15 Scout Tower
26:16 Scout Tower
26:16 Scout Tower
26:17 Scout Tower
26:17 Scout Tower
26:18 Scout Tower
26:51 Guard Tower
27:10 Scout Tower
27:11 Scout Tower
27:12 Scout Tower
27:13 Scout Tower
27:17 Scout Tower
27:19 Scout Tower
27:21 Scout Tower
27:21 Scout Tower
27:22 Scout Tower
27:22 Scout Tower
27:23 Scout Tower
27:23 Scout Tower
27:24 Scout Tower
27:25 Scout Tower
27:31 Guard Tower
28:02 Scout Tower
28:03 Scout Tower
28:04 Scout Tower
28:05 Scout Tower
28:05 Scout Tower
28:08 Scout Tower
28:09 Scout Tower
28:09 Scout Tower
28:10 Scout Tower
28:12 Scout Tower
28:13 Scout Tower
28:14 Scout Tower
28:15 Scout Tower
28:18 Scout Tower
28:19 Scout Tower
28:20 Farm
28:21 Farm
28:23 Farm
28:55 Guard Tower
28:57 Guard Tower
29:18 Scout Tower
29:19 Scout Tower
30:19 Scout Tower
30:34 Guard Tower
33:09 Guard Tower
33:12 Guard Tower
33:14 Guard Tower
 
               
              
              
FUKDISGAEM (
teal | 79 APM | 2693 actions | 33:56)
              
 3 Archmage 
 2 Blizzard
 1 Brilliance Aura
 2 Blood Mage 
 1 Flame Strike
 1 Siphon Mana
 2 Pit Lord 
 1 Rain of Fire
 1 Howl of Terror
 
                » actions 
                
                | Assign group hotkey | 5 |  | 
| Basic commands | 28 |  | 
| Build / train | 154 |  | 
| ESC pressed | 8 |  | 
| Enter build submenu | 197 |  | 
| Enter hero's abilities submenu | 8 |  | 
| Give item / drop item | 2 |  | 
| Right click | 1071 |  | 
| Select / deselect | 708 |  | 
| Select group hotkey | 247 |  | 
| Use ability | 263 |  | 
                2693 total
 » units 
                
                | Peasant | 31 |  | 
| Goblin Zeppelin | 2 |  | 
| Goblin Shredder | 1 |  | 
                34 total
 » upgrades
                
                | Masonry | 3 |  | 
| Lumber Harvesting | 2 |  | 
                5 total
 » buildings
                
                | Altar of Kings | 1 |  | 
| Lumber Mill | 7 |  | 
| Farm | 5 |  | 
| Scout Tower | 170 |  | 
| Guard Tower | 97 |  | 
| Keep | 1 |  | 
| Castle | 1 |  | 
| Town Hall | 4 |  | 
| Gryphon Aviary | 1 |  | 
| Blacksmith | 1 |  | 
| Workshop | 1 |  | 
| Arcane Sanctum | 1 |  | 
                290 total
 » build order
                00:04 Altar of Kings
00:06 Lumber Mill
00:24 Farm
01:58 Scout Tower
02:16 Farm
02:25 Guard Tower
02:27 Scout Tower
02:35 Scout Tower
02:59 Guard Tower
03:02 Scout Tower
03:04 Guard Tower
03:09 Scout Tower
03:32 Guard Tower
03:34 Scout Tower
03:36 Guard Tower
03:38 Scout Tower
04:05 Guard Tower
04:05 Guard Tower
04:08 Scout Tower
04:12 Scout Tower
04:18 Guard Tower
04:24 Scout Tower
04:37 Guard Tower
04:42 Scout Tower
04:43 Guard Tower
04:46 Scout Tower
04:53 Guard Tower
04:55 Scout Tower
04:58 Keep
05:10 Guard Tower
05:10 Guard Tower
05:12 Scout Tower
05:19 Guard Tower
05:21 Scout Tower
05:24 Scout Tower
05:25 Guard Tower
05:36 Lumber Mill
05:58 Guard Tower
06:48 Scout Tower
06:50 Scout Tower
06:52 Scout Tower
07:19 Guard Tower
07:38 Guard Tower
07:40 Scout Tower
07:42 Scout Tower
07:43 Scout Tower
07:44 Guard Tower
08:16 Guard Tower
08:17 Scout Tower
08:19 Scout Tower
08:33 Scout Tower
08:46 Guard Tower
08:48 Scout Tower
08:50 Scout Tower
09:06 Guard Tower
09:08 Scout Tower
09:09 Scout Tower
09:11 Scout Tower
09:14 Castle
09:25 Farm
09:39 Guard Tower
09:41 Guard Tower
09:57 Scout Tower
10:13 Town Hall
10:28 Town Hall
10:37 Lumber Mill
10:44 Scout Tower
10:44 Guard Tower
11:19 Guard Tower
11:21 Scout Tower
11:42 Farm
11:49 Guard Tower
11:51 Scout Tower
12:17 Guard Tower
12:21 Scout Tower
12:55 Guard Tower
13:01 Scout Tower
13:51 Guard Tower
13:55 Scout Tower
14:15 Scout Tower
14:19 Scout Tower
14:22 Scout Tower
14:23 Guard Tower
14:25 Scout Tower
14:38 Lumber Mill
14:46 Guard Tower
14:46 Guard Tower
14:48 Guard Tower
14:52 Scout Tower
14:54 Guard Tower
14:55 Scout Tower
14:59 Scout Tower
15:02 Scout Tower
16:13 Guard Tower
16:15 Scout Tower
16:16 Scout Tower
16:19 Scout Tower
16:46 Guard Tower
16:49 Scout Tower
16:50 Scout Tower
16:53 Scout Tower
17:02 Town Hall
17:04 Scout Tower
17:06 Scout Tower
17:10 Scout Tower
17:12 Scout Tower
17:19 Guard Tower
17:21 Scout Tower
17:24 Scout Tower
17:25 Guard Tower
17:26 Scout Tower
17:32 Guard Tower
17:34 Scout Tower
17:35 Guard Tower
17:39 Scout Tower
17:40 Guard Tower
17:47 Scout Tower
17:48 Guard Tower
17:52 Guard Tower
17:53 Guard Tower
17:56 Scout Tower
17:59 Scout Tower
18:00 Guard Tower
18:02 Scout Tower
18:09 Gryphon Aviary
18:13 Lumber Mill
18:16 Guard Tower
18:17 Scout Tower
18:20 Scout Tower
18:24 Scout Tower
18:31 Blacksmith
18:35 Guard Tower
18:37 Guard Tower
18:39 Scout Tower
18:41 Scout Tower
18:44 Scout Tower
18:49 Guard Tower
18:53 Scout Tower
18:56 Scout Tower
18:58 Guard Tower
19:01 Scout Tower
19:11 Guard Tower
19:13 Scout Tower
19:16 Guard Tower
19:19 Scout Tower
19:21 Scout Tower
19:28 Guard Tower
19:32 Scout Tower
19:33 Guard Tower
19:36 Scout Tower
19:38 Scout Tower
19:55 Farm
20:01 Guard Tower
20:04 Scout Tower
20:06 Scout Tower
20:11 Scout Tower
20:16 Scout Tower
20:19 Guard Tower
20:21 Scout Tower
20:23 Scout Tower
20:26 Scout Tower
20:33 Guard Tower
20:38 Guard Tower
20:40 Scout Tower
20:41 Guard Tower
20:43 Scout Tower
20:46 Scout Tower
20:48 Scout Tower
20:52 Guard Tower
20:58 Workshop
21:01 Town Hall
21:14 Guard Tower
21:16 Scout Tower
21:23 Scout Tower
21:27 Scout Tower
21:29 Scout Tower
21:35 Guard Tower
21:37 Scout Tower
21:39 Scout Tower
21:42 Scout Tower
21:44 Scout Tower
22:00 Lumber Mill
22:04 Guard Tower
22:05 Scout Tower
22:08 Scout Tower
22:11 Scout Tower
22:16 Guard Tower
22:19 Scout Tower
22:21 Scout Tower
22:23 Scout Tower
22:25 Scout Tower
22:44 Guard Tower
22:46 Scout Tower
22:48 Scout Tower
22:51 Guard Tower
22:58 Guard Tower
23:00 Scout Tower
23:01 Scout Tower
23:03 Scout Tower
23:05 Scout Tower
23:09 Scout Tower
23:11 Scout Tower
23:31 Guard Tower
23:33 Guard Tower
23:34 Scout Tower
23:35 Scout Tower
23:38 Scout Tower
23:39 Guard Tower
24:08 Guard Tower
24:10 Scout Tower
24:11 Scout Tower
24:13 Scout Tower
24:17 Guard Tower
24:22 Scout Tower
24:27 Scout Tower
24:45 Scout Tower
24:48 Scout Tower
24:52 Guard Tower
24:54 Scout Tower
25:17 Guard Tower
25:19 Scout Tower
25:34 Guard Tower
25:36 Scout Tower
25:38 Scout Tower
25:40 Scout Tower
25:45 Arcane Sanctum
25:50 Guard Tower
25:53 Scout Tower
25:55 Scout Tower
25:57 Scout Tower
26:14 Guard Tower
26:16 Scout Tower
26:28 Guard Tower
26:29 Scout Tower
26:57 Guard Tower
26:59 Scout Tower
27:05 Lumber Mill
27:21 Scout Tower
27:24 Scout Tower
27:27 Scout Tower
27:28 Guard Tower
27:32 Scout Tower
27:39 Guard Tower
27:44 Scout Tower
27:46 Scout Tower
27:48 Scout Tower
28:12 Guard Tower
28:14 Guard Tower
28:15 Scout Tower
28:18 Scout Tower
28:22 Guard Tower
28:24 Scout Tower
28:30 Scout Tower
28:36 Scout Tower
28:40 Guard Tower
28:42 Scout Tower
28:44 Scout Tower
28:45 Guard Tower
28:47 Scout Tower
28:52 Scout Tower
28:53 Scout Tower
28:54 Scout Tower
29:02 Guard Tower
29:06 Guard Tower
29:17 Guard Tower
29:19 Scout Tower
29:21 Scout Tower
29:22 Scout Tower
29:24 Guard Tower
29:26 Scout Tower
29:28 Scout Tower
29:31 Scout Tower
29:47 Guard Tower
29:48 Guard Tower
29:50 Scout Tower
29:52 Scout Tower
29:53 Guard Tower
29:57 Guard Tower
32:19 Guard Tower
32:21 Scout Tower
32:22 Scout Tower
32:23 Scout Tower
33:23 Guard Tower
33:26 Scout Tower
33:28 Scout Tower
33:30 Scout Tower
33:32 Scout Tower
33:52 Scout Tower
33:53 Scout Tower
33:55 Scout Tower
» items
                
                | Scroll of Regeneration | 1 |  | 
| Potion of Healing | 2 |  | 
| Lesser Clarity Potion | 2 |  | 
| Potion of Mana | 1 |  | 
                6 total
  
               
              
              
GOKUMaN69 (
red | 44 APM | 1488 actions | 33:55)
              
 6 Demon Hunter 
 2 Mana Burn
 3 Evasion
 1 Metamorphosis
 
                » actions 
                
                | Basic commands | 1 |  | 
| Build / train | 46 |  | 
| Enter build submenu | 17 |  | 
| Enter hero's abilities submenu | 7 |  | 
| Give item / drop item | 2 |  | 
| Right click | 1064 |  | 
| Select / deselect | 284 |  | 
| Use ability | 66 |  | 
                1488 total
 » units 
                » upgrades
                
                | Strength of the Wild | 3 |  | 
| Reinforced Hides | 3 |  | 
| Ultravision | 1 |  | 
| Well Spring | 1 |  | 
                8 total
 » buildings
                
                | Altar of Elders | 1 |  | 
| Moon Well | 19 |  | 
| Hunter's Hall | 1 |  | 
| Tree of Ages | 1 |  | 
| Ancient of Wonders | 1 |  | 
| Tree of Life | 1 |  | 
| Tree of Eternity | 1 |  | 
                25 total
 » build order
                00:07 Altar of Elders
00:29 Moon Well
01:32 Moon Well
03:59 Moon Well
04:44 Hunter's Hall
04:52 Tree of Ages
04:57 Ancient of Wonders
06:25 Tree of Life
08:33 Tree of Eternity
10:39 Moon Well
10:40 Moon Well
10:41 Moon Well
10:42 Moon Well
10:42 Moon Well
11:10 Moon Well
11:11 Moon Well
11:13 Moon Well
11:13 Moon Well
11:14 Moon Well
11:14 Moon Well
18:35 Moon Well
18:35 Moon Well
19:11 Moon Well
19:13 Moon Well
21:20 Moon Well
» items
                
                | Orb of Venom | 1 |  | 
| Boots of Speed | 1 |  | 
| Staff of Teleportation | 1 |  | 
| Circlet of Nobility | 1 |  | 
| Scroll of Town Portal | 1 |  | 
                5 total
  
               
              
              
Rezifut (
yellow | 88 APM | 2997 actions | 33:57)
              
 7 Blademaster 
 3 Wind Walk
 3 Critical Strike
 1 Bladestorm
 1 Paladin 
 1 Divine Shield
 
                » actions 
                
                | Assign group hotkey | 65 |  | 
| Build / train | 72 |  | 
| Enter build submenu | 45 |  | 
| Enter hero's abilities submenu | 8 |  | 
| Give item / drop item | 2 |  | 
| Remove unit from queue | 3 |  | 
| Right click | 1953 |  | 
| Select / deselect | 295 |  | 
| Select group hotkey | 359 |  | 
| Use ability | 195 |  | 
                2997 total
 » units 
                
                | Peon | 10 |  | 
| Troll Batrider | 23 |  | 
| Goblin Shredder | 2 |  | 
                35 total
 » upgrades
                
                | Reinforced Defenses | 1 |  | 
| Liquid Fire | 1 |  | 
| Ranged Weapons | 3 |  | 
| Armor | 3 |  | 
| Spiked Barricades | 1 |  | 
| Pillage | 1 |  | 
| Ensnare | 1 |  | 
| Envenomed Spears | 1 |  | 
| War Drums Damage Increase | 1 |  | 
                13 total
 » buildings
                
                | Altar of Storms | 1 |  | 
| Orc Burrow | 4 |  | 
| War Mill | 1 |  | 
| Watch Tower | 30 |  | 
| Stronghold | 1 |  | 
| Voodoo Lounge | 1 |  | 
| Beastiary | 2 |  | 
| Fortress | 1 |  | 
| Great Hall | 1 |  | 
                42 total
 » build order
                00:07 Altar of Storms
00:15 Orc Burrow
00:49 War Mill
02:20 Watch Tower
02:28 Watch Tower
02:43 Stronghold
03:29 Watch Tower
03:32 Watch Tower
03:47 Voodoo Lounge
04:48 Watch Tower
04:53 Watch Tower
05:06 Beastiary
05:08 Beastiary
05:31 Orc Burrow
05:52 Fortress
05:56 Watch Tower
05:58 Watch Tower
07:02 Watch Tower
07:04 Watch Tower
08:44 Watch Tower
08:45 Watch Tower
08:53 Orc Burrow
09:32 Orc Burrow
10:15 Watch Tower
12:11 Great Hall
17:35 Watch Tower
17:36 Watch Tower
17:38 Watch Tower
17:39 Watch Tower
19:21 Watch Tower
19:22 Watch Tower
19:24 Watch Tower
19:25 Watch Tower
32:16 Watch Tower
32:17 Watch Tower
32:18 Watch Tower
32:19 Watch Tower
33:31 Watch Tower
33:36 Watch Tower
33:37 Watch Tower
33:41 Watch Tower
33:49 Watch Tower
» items
                
                | Healing Salve | 1 |  | 
| Lesser Clarity Potion | 2 |  | 
| Boots of Speed | 1 |  | 
| Staff of Teleportation | 1 |  | 
| Circlet of Nobility | 1 |  | 
| Orb of Lightning | 1 |  | 
| Scroll of Town Portal | 1 |  | 
| Potion of Lesser Invulnerability | 2 |  | 
                10 total
  
               team 2 (loser) 
              
              
» 
000Alex000 (
blue | 69 APM | 2321 actions | 33:29)
              
 4 Pit Lord 
 1 Rain of Fire
 2 Howl of Terror
 1 Cleaving Attack
 
                » actions 
                
                | Assign group hotkey | 23 |  | 
| Basic commands | 52 |  | 
| Build / train | 75 |  | 
| ESC pressed | 6 |  | 
| Enter build submenu | 36 |  | 
| Enter hero's abilities submenu | 4 |  | 
| Give item / drop item | 3 |  | 
| Remove unit from queue | 1 |  | 
| Right click | 809 |  | 
| Select / deselect | 476 |  | 
| Select group hotkey | 744 |  | 
| Use ability | 92 |  | 
                2321 total
 » units 
                
                | Wisp | 30 |  | 
| Mountain Giant | 4 |  | 
| Hippogryph | 8 |  | 
| Dryad | 7 |  | 
| Chimaera | 4 |  | 
| Blue Dragon | 1 |  | 
                54 total
 » upgrades
                
                | Hardened Skin | 1 |  | 
| Resistant Skin | 1 |  | 
| Reinforced Hides | 3 |  | 
| Well Spring | 1 |  | 
| Abolish Magic | 1 |  | 
| Corrosive Breath | 1 |  | 
| Strength of the Wild | 3 |  | 
| Ultravision | 1 |  | 
                12 total
 » buildings
                
                | Moon Well | 8 |  | 
| Altar of Elders | 1 |  | 
| Ancient of War | 1 |  | 
| Hunter's Hall | 1 |  | 
| Ancient of Wonders | 1 |  | 
| Tree of Ages | 1 |  | 
| Ancient of Lore | 2 |  | 
| Tree of Eternity | 1 |  | 
| Tree of Life | 2 |  | 
| Ancient of Wind | 2 |  | 
| Ancient Protector | 10 |  | 
| Chimaera Roost | 2 |  | 
                32 total
 » build order
                00:20 Moon Well
00:33 Altar of Elders
00:47 Ancient of War
01:10 Moon Well
02:11 Hunter's Hall
02:15 Ancient of Wonders
02:55 Moon Well
03:28 Tree of Ages
05:29 Moon Well
05:55 Ancient of Lore
05:56 Ancient of Lore
06:36 Tree of Eternity
08:26 Moon Well
09:22 Tree of Life
09:30 Moon Well
09:55 Moon Well
10:37 Moon Well
11:50 Ancient of Wind
11:52 Ancient of Wind
14:32 Ancient Protector
14:43 Ancient Protector
14:53 Ancient Protector
15:13 Ancient Protector
15:57 Tree of Life
16:08 Ancient Protector
16:10 Ancient Protector
16:30 Ancient Protector
16:33 Ancient Protector
16:44 Ancient Protector
17:51 Ancient Protector
19:13 Chimaera Roost
19:16 Chimaera Roost
» items
                 
               
              
              
» 
CJ2K (
orange | 110 APM | 3627 actions | 33:02)
              
 4 Priestess of the Moon 
 2 Trueshot Aura
 1 Searing Arrows
 1 Scout
 3 Keeper of the Grove 
 2 Entangling Roots
 1 Force of Nature
 
                » actions 
                
                | Assign group hotkey | 335 |  | 
| Basic commands | 75 |  | 
| Build / train | 66 |  | 
| Enter build submenu | 23 |  | 
| Enter hero's abilities submenu | 8 |  | 
| Give item / drop item | 2 |  | 
| Remove unit from queue | 1 |  | 
| Right click | 1562 |  | 
| Select / deselect | 645 |  | 
| Select group hotkey | 836 |  | 
| Use ability | 74 |  | 
                3627 total
 » units 
                
                | Wisp | 15 |  | 
| Huntress | 8 |  | 
| Chimaera | 5 |  | 
| Goblin Zeppelin | 1 |  | 
| Dryad | 8 |  | 
| Glaive Thrower | 8 |  | 
                45 total
 » upgrades
                
                | Ultravision | 1 |  | 
| Strength of the Moon | 1 |  | 
| Corrosive Breath | 1 |  | 
| Well Spring | 1 |  | 
| Vorpal Blades | 1 |  | 
                5 total
 » buildings
                
                | Altar of Elders | 1 |  | 
| Moon Well | 9 |  | 
| Hunter's Hall | 1 |  | 
| Ancient of War | 2 |  | 
| Tree of Ages | 1 |  | 
| Ancient of Wind | 1 |  | 
| Tree of Eternity | 5 |  | 
| Chimaera Roost | 2 |  | 
| Ancient of Lore | 2 |  | 
| Ancient Protector | 1 |  | 
                25 total
 » build order
                00:10 Altar of Elders
00:21 Moon Well
01:27 Hunter's Hall
01:35 Ancient of War
02:03 Moon Well
02:35 Moon Well
04:19 Tree of Ages
05:37 Moon Well
05:51 Moon Well
07:23 Ancient of Wind
07:36 Tree of Eternity
07:37 Tree of Eternity
07:37 Tree of Eternity
07:37 Tree of Eternity
10:00 Chimaera Roost
10:00 Chimaera Roost
12:47 Ancient of Lore
12:52 Ancient of Lore
13:11 Ancient Protector
13:23 Moon Well
15:07 Moon Well
15:08 Moon Well
15:09 Moon Well
23:23 Ancient of War
 
               
              
              
» 
Melfacidarrow- (
green | 48 APM | 1634 actions | 33:55)
              
 5 Archmage 
 3 Blizzard
 2 Brilliance Aura
 
                » actions 
                
                | Assign group hotkey | 10 |  | 
| Basic commands | 15 |  | 
| Build / train | 86 |  | 
| ESC pressed | 2 |  | 
| Enter build submenu | 31 |  | 
| Enter hero's abilities submenu | 5 |  | 
| Remove unit from queue | 3 |  | 
| Right click | 969 |  | 
| Select / deselect | 416 |  | 
| Select group hotkey | 42 |  | 
| Use ability | 55 |  | 
                1634 total
 » units 
                
                | Peasant | 20 |  | 
| Rifleman | 13 |  | 
| Blue Drake | 1 |  | 
| Siege Engine | 8 |  | 
| Mortar Team | 10 |  | 
                52 total
 » upgrades
                
                | Gunpowder | 3 |  | 
| Armor | 2 |  | 
| Long Rifles | 1 |  | 
| Barrage | 1 |  | 
| Plating | 1 |  | 
| Fragmentation Shards | 1 |  | 
| Lumber Harvesting | 1 |  | 
| Flare | 1 |  | 
                11 total
 » buildings
                
                | Altar of Kings | 1 |  | 
| Barracks | 2 |  | 
| Farm | 13 |  | 
| Blacksmith | 1 |  | 
| Scout Tower | 8 |  | 
| Lumber Mill | 1 |  | 
| Guard Tower | 5 |  | 
| Arcane Vault | 1 |  | 
| Keep | 1 |  | 
| Town Hall | 1 |  | 
| Workshop | 2 |  | 
| Castle | 1 |  | 
                37 total
 » build order
                01:02 Altar of Kings
01:07 Barracks
01:10 Farm
01:17 Blacksmith
01:28 Farm
02:15 Scout Tower
02:18 Lumber Mill
02:28 Farm
02:45 Scout Tower
03:05 Guard Tower
03:18 Guard Tower
03:33 Farm
03:34 Farm
03:55 Barracks
04:13 Farm
05:35 Farm
06:11 Arcane Vault
07:37 Keep
08:31 Farm
08:33 Farm
08:37 Farm
10:28 Town Hall
12:42 Workshop
12:43 Workshop
13:51 Castle
14:53 Scout Tower
14:55 Scout Tower
15:31 Guard Tower
20:50 Farm
20:51 Farm
21:48 Farm
25:39 Scout Tower
25:40 Scout Tower
25:43 Scout Tower
26:10 Scout Tower
26:12 Guard Tower
27:04 Guard Tower
» items
                
                | Scroll of Regeneration | 4 |  | 
| Scroll of Town Portal | 2 |  | 
| Potion of Healing | 1 |  | 
                7 total
  
               
              
              
» 
nuker. (
pink | 57 APM | 1920 actions | 33:50)
              
 4 Death Knight 
 2 Death Coil
 2 Unholy Aura
 2 Lich 
 1 Frost Nova
 1 Dark Ritual
 1 Dreadlord 
 1 Vampiric Aura
 
                » actions 
                
                | Assign group hotkey | 49 |  | 
| Basic commands | 4 |  | 
| Build / train | 132 |  | 
| Enter build submenu | 34 |  | 
| Enter hero's abilities submenu | 7 |  | 
| Give item / drop item | 3 |  | 
| Right click | 724 |  | 
| Select / deselect | 372 |  | 
| Select group hotkey | 464 |  | 
| Use ability | 131 |  | 
                1920 total
 » units 
                
                | Acolyte | 26 |  | 
| Ghoul | 4 |  | 
| Crypt Fiend | 10 |  | 
| Blue Dragon | 1 |  | 
| Goblin Zeppelin | 1 |  | 
| Gargoyle | 6 |  | 
                48 total
 » upgrades
                
                | Creature Attack | 3 |  | 
| Creature Carapace | 2 |  | 
| Web | 1 |  | 
| Stone Form | 1 |  | 
                7 total
 » buildings
                
                | Graveyard | 2 |  | 
| Crypt | 2 |  | 
| Ziggurat | 57 |  | 
| Altar of Darkness | 1 |  | 
| Tomb of Relics | 1 |  | 
| Halls of the Dead | 4 |  | 
| Nerubian Tower | 15 |  | 
| Spirit Tower | 28 |  | 
| Black Citadel | 1 |  | 
| Sacrificial Pit | 1 |  | 
| Necropolis | 2 |  | 
                114 total
 » build order
                00:11 Graveyard
00:14 Crypt
00:55 Ziggurat
00:59 Altar of Darkness
02:06 Ziggurat
02:24 Tomb of Relics
04:07 Halls of the Dead
04:08 Halls of the Dead
05:50 Ziggurat
06:16 Nerubian Tower
07:59 Spirit Tower
09:17 Ziggurat
09:17 Ziggurat
09:46 Black Citadel
10:32 Ziggurat
10:36 Spirit Tower
11:17 Ziggurat
11:25 Ziggurat
11:34 Ziggurat
12:09 Sacrificial Pit
12:21 Spirit Tower
12:22 Spirit Tower
12:43 Necropolis
14:12 Nerubian Tower
14:17 Ziggurat
14:18 Ziggurat
15:47 Spirit Tower
16:11 Ziggurat
16:13 Ziggurat
16:14 Ziggurat
17:12 Spirit Tower
17:15 Nerubian Tower
17:19 Spirit Tower
17:20 Nerubian Tower
17:24 Ziggurat
17:26 Ziggurat
17:29 Ziggurat
17:30 Ziggurat
18:06 Ziggurat
18:07 Ziggurat
18:08 Ziggurat
18:10 Ziggurat
19:05 Spirit Tower
19:06 Nerubian Tower
19:07 Spirit Tower
19:09 Nerubian Tower
19:12 Spirit Tower
21:03 Necropolis
21:39 Crypt
23:01 Ziggurat
23:08 Ziggurat
23:09 Ziggurat
23:10 Ziggurat
23:12 Ziggurat
23:14 Ziggurat
23:15 Ziggurat
24:56 Spirit Tower
25:00 Nerubian Tower
25:01 Nerubian Tower
25:03 Nerubian Tower
25:50 Ziggurat
25:52 Ziggurat
25:54 Ziggurat
25:55 Ziggurat
26:01 Ziggurat
26:02 Ziggurat
26:04 Ziggurat
26:05 Ziggurat
26:06 Ziggurat
26:08 Ziggurat
26:09 Ziggurat
26:13 Ziggurat
26:16 Ziggurat
26:41 Ziggurat
26:42 Ziggurat
26:44 Ziggurat
26:46 Ziggurat
26:47 Ziggurat
26:50 Ziggurat
26:51 Ziggurat
26:54 Halls of the Dead
26:58 Halls of the Dead
27:00 Ziggurat
27:01 Ziggurat
27:04 Ziggurat
27:09 Ziggurat
27:12 Ziggurat
27:19 Ziggurat
27:23 Ziggurat
27:24 Ziggurat
27:36 Spirit Tower
27:38 Spirit Tower
27:42 Nerubian Tower
27:48 Spirit Tower
27:51 Nerubian Tower
27:56 Spirit Tower
27:58 Nerubian Tower
28:04 Spirit Tower
28:09 Spirit Tower
28:16 Spirit Tower
28:27 Graveyard
28:56 Spirit Tower
28:57 Nerubian Tower
28:59 Spirit Tower
29:00 Nerubian Tower
29:01 Spirit Tower
29:03 Spirit Tower
29:13 Spirit Tower
29:28 Spirit Tower
29:29 Nerubian Tower
29:30 Spirit Tower
29:32 Spirit Tower
29:35 Spirit Tower
29:42 Spirit Tower
» items
                
                | Rod of Necromancy | 3 |  | 
| Sacrificial Skull | 6 |  | 
| Dust of Appearance | 1 |  | 
| Orb of Corruption | 2 |  | 
| Scroll of Town Portal | 1 |  | 
| Potion of Lesser Invulnerability | 1 |  | 
| Circlet of Nobility | 1 |  | 
| Scroll of Protection | 1 |  | 
| Potion of Healing | 1 |  | 
                17 total
  
                Chat log
          (00:09 / All) FUKDISGAEM:  
(00:34 / All) FUKDISGAEM:  
(01:13 / All) nuker.: bleSS
(15:52 / All) Rezifut: you cant repair lol
(24:03 / All) GOKUMaN69: puta
(26:49 / All) 000Alex000: man this is boring
(26:52 / All) Rezifut: then leave
(26:55 / All) GOKUMaN69: quit
(26:57 / All) coolhentaiguy: |why are you so negative
(32:51 / All) GOKUMaN69: Gg
(32:52 / All) GOKUMaN69: hahah
(33:00 / All) CJ2K: bg... fuckin noobs
(33:01 / All) GOKUMaN69: quit
(33:04 / All) Rezifut: 1v1??
(33:04 / All) coolhentaiguy: chill out
(33:10 / All) Rezifut: 1v1 if you gonan call noobs
(33:27 / All) 000Alex000: how boring r u
(33:33 / All) Rezifut: how bad are you
(33:33 / All) coolhentaiguy: we're electrifying